 Dungeon Crawl Stone Soup version 0.17.1-3-g152610e (webtiles) character file.

37 juanjsm the Sneak (level 3, 0/16 HPs)
             Began as a Spriggan Enchanter on Apr 3, 2016.
             Slain by a rat (3 damage)
             ... on level 2 of the Dungeon.
             The game lasted 00:04:46 (1080 turns).

juanjsm the Sneak (Spriggan Enchanter)              Turns: 1080, Time: 00:04:47

Health: 0/16       AC:  3    Str:  4    XL:     3   Next: 23%
Magic:  0/8        EV: 18    Int: 17    God:
Gold:   89         SH:  0    Dex: 16    Spells: 3 memorised, 2 levels left

rFire  . . .     SeeInvis +     a - +1 dagger
rCold  . . .     Clarity  .     b - +1 robe
rNeg   . . .     SustAt   .     (shield restricted)
rPois  .         Gourm    .     (helmet restricted)
rElec  .         Spirit   .     (no cloak)
rCorr  .         Warding  .     (gloves unavailable)
rMut   .         Stasis   .     (boots unavailable)
MR     .....                    (no amulet)
Stlth  +++.......               (no ring)
                                (no ring)

@: very quick, not resistant to hostile enchantments, fairly stealthy
A: unfitting armour, see invisible, herbivore 3, speed 3, slow metabolism 2
a: no special abilities


You were on level 2 of the Dungeon.
You were not hungry.

You visited 1 branch of the dungeon, and saw 2 of its levels.

You collected 89 gold pieces.

Inventory:

Hand Weapons
 a - a +1 dagger (weapon)
Armour
 b - a +1 robe (worn)
Scrolls
 e - 2 scrolls of teleportation {unknown}
 f - a scroll of remove curse {unknown}
 h - a scroll of recharging {unknown}
 i - a scroll of fear {unknown}
Potions
 g - a potion of beneficial mutation {unknown}
 j - a potion of resistance {unknown}
 k - a potion of might {unknown}
 l - a potion of poison {unknown}
Books
 c - a book of Maledictions

   Spells                             Type                      Level
   a - Corona                         Hexes                        1
   b - Ensorcelled Hibernation        Hexes/Ice                    2
   c - Confuse                        Hexes                        3
   d - Tukima's Dance                 Hexes                        3
   e - Dazzling Spray                 Conjuration/Hexes            3
Comestibles
 d - 2 bread rations


   Skills:
 + Level 0.1 Fighting
 + Level 1.1 Short Blades
 + Level 3.1 Dodging
 + Level 5.3 Stealth
 + Level 3.1 Spellcasting
 + Level 4.3 Hexes
 + Level 0.1 Ice Magic


You had 2 spell levels left.
You knew the following spells:

 Your Spells              Type           Power        Failure   Level  Hunger
a - Corona                Hex            ###....      2%          1    None
b - Ensorcelled Hibernat  Hex/Ice        ##....       12%         2    ##.....
c - Confuse               Hex            ###.....     10%         3    ###....


Dungeon Overview and Level Annotations

Branches:
Dungeon (2/15)

Altars:


Innate Abilities, Weirdness & Mutations

You are tiny and cannot use many weapons and most armour.
You have supernaturally acute eyesight.
You are a herbivore.
You cover ground extremely quickly.
You need consume almost no food.


Message History

Confirm with . or Enter, or press ? or * to list all spells.
Aiming: Corona
Press: ? - help, Shift-Dir - straight line, f - hobgoblin
Aim: a hobgoblin, wielding a club (chance to defeat MR: 85%)
The hobgoblin is outlined in light.
The hobgoblin hits you with a club.
You hit the hobgoblin but do no damage. The hobgoblin hits you with a club.
* * * LOW HITPOINT WARNING * * *
You are too injured to fight recklessly!
A rat comes into view.
Found a stone staircase leading up.
Found a stone staircase leading down.
The rat misses you.
There is a stone staircase leading up here.
Casting: Corona
Confirm with . or Enter, or press ? or * to list all spells.
Aiming: Corona
Press: ? - help, Shift-Dir - straight line, f - rat
Aim: a rat (chance to defeat MR: 85%)
The rat is outlined in light.
The rat bites you.
You die...

### ####.#
###....#####
.#########...####..>##
........>..### #.....#
######<....## #@....#
#.###..# ##r.%## #.#
##.# ###..## #.#
#.###....# ..#
#......#.# .##
##...##...# #.
#..⌠..###.### ..
#.8.8(g.....#
#..)).......#


You could see a rat.

Vanquished Creatures
  An adder (D:2)
  An ooze (D:1)
  2 giant geckos (D:1)
  A giant cockroach (D:1)
  4 goblins
  A hobgoblin (D:1)
  A kobold (D:1)
  9 bats
  3 giant newts (D:1)
  4 rats
27 creatures vanquished.

Notes
Turn   | Place    | Note
--------------------------------------------------------------
     0 | D:1      | juanjsm the Spriggan Enchanter began the quest for the Orb.
     0 | D:1      | Reached XP level 1. HP: 9/9 MP: 5/5
   112 | D:1      | Reached XP level 2. HP: 4/13 MP: 4/6
   145 | D:1      | Learned a level 2 spell: Ensorcelled Hibernation
  1033 | D:2      | Reached skill level 5 in Stealth
  1040 | D:2      | Reached XP level 3. HP: 16/16 MP: 1/8
  1055 | D:2      | Learned a level 3 spell: Confuse
  1080 | D:2      | Slain by a rat

Action                   || total
-------------------------++-------
Melee: Dagger            ||    68
 Cast: Corona            ||     9
       Ensorcelled Hiber ||    12
 Stab: Sleeping          ||    17
